TOP OF THE 1ST |
Bowie Baysox batting - Pitching for Midland RockHounds : LHP Michael Twigg
|
Pitching: LHP Michael Twigg
|
|
Batting: RHB Orlando Melchor
|
0-0: Called Strike 0-1: Ball 1-1: Ground out 4-3 (Groundball, 4, EV 96.3 MPH)
|
Batting: RHB Jeremy Giesler
|
0-0: Called Strike 0-1: Fly out, F7 (Flyball, 78D, EV 97.5 MPH)
|
Batting: RHB Rudo Garciaparra
|
0-0: Foul Ball, location: 2F 0-1: Called Strike 0-2: Foul Ball, location: 2F 0-2: Ball 1-2: Foul Ball, location: 2F 1-2: Ball 2-2: Ball 3-2: Foul Ball, location: 2F 3-2: Base on Balls
|
Batting: RHB Dermott Neill
|
0-0: Called Strike Rudo Garciaparra is caught stealing 2nd base 2-4
|
Top of the 1st over - 0 runs, 0 hits, 0 errors, 0 left on base; Bowie 0 - Midland 0 |
BOTTOM OF THE 1ST |
Midland RockHounds batting - Pitching for Bowie Baysox : RHP Gavin Nelson
|
Pitching: RHP Gavin Nelson
|
|
Batting: LHB Angel Sanchez
|
0-0: Ground out U3 (Groundball, 34S, EV 85.0 MPH)
|
Batting: RHB Matt Sherard
|
0-0: Ball 1-0: DOUBLE (Line Drive, 78M, EV 90.6 MPH)
|
Batting: RHB Kevin Wiles
|
0-0: SINGLE (Line Drive, 8RS, EV 94.4 MPH) Matt Sherard to third
|
Batting: LHB John Shults
|
0-0: Ball 1-0: Called Strike Kevin Wiles steals 2nd base 1-1: Ball 2-1: Foul Ball, location: 2F 2-2: Ball 3-2: Base on Balls
|
Batting: LHB Chance Stever
|
0-0: Called Strike 0-1: Ball 1-1: Called Strike 1-2: Ball 2-2: Strikes out looking
|
Batting: RHB Trevor Conklin
|
0-0: Called Strike 0-1: Ball 1-1: Swinging Strike 1-2: Ball Pickoff Throw to Third - Error! E1 Matt Sherard scores Kevin Wiles to third John Shults to second 2-2: Strikes out looking
|
Bottom of the 1st over - 1 run, 2 hits, 1 error, 2 left on base; Bowie 0 - Midland 1 |
TOP OF THE 2ND |
Bowie Baysox batting - Pitching for Midland RockHounds : LHP Michael Twigg
|
Batting: RHB Dermott Neill
|
0-0: Swinging Strike 0-1: Swinging Strike 0-2: Fly out, F8 (Flyball, 8RD, EV 97.5 MPH)
|
Batting: RHB Min-u Lee
|
0-0: Ball 1-0: Called Strike 1-1: SOLO HOME RUN (Flyball, 7LD, EV 96.9 MPH), Distance : 358 ft
|
Batting: RHB Longfellow Wetzler
|
0-0: Fly out, F7 (Flyball, 7D, EV 93.1 MPH)
|
Batting: RHB Vince Jackson
|
0-0: Ball 1-0: Ball 2-0: Foul Ball, location: 2F 2-1: Foul Ball, location: 2F 2-2: Strikes out swinging
|
Top of the 2nd over - 1 run, 1 hit, 0 errors, 0 left on base; Bowie 1 - Midland 1 |
BOTTOM OF THE 2ND |
Midland RockHounds batting - Pitching for Bowie Baysox : RHP Gavin Nelson
|
Batting: RHB Edgar Landim
|
0-0: Ball 1-0: Ball 2-0: SINGLE (Groundball, 56D, EV 103.1 MPH)
|
Batting: RHB Dave Vezina
|
0-0: Ball 1-0: Foul Ball, location: 2F 1-1: Called Strike 1-2: Strikes out swinging
|
Batting: RHB Justin Menotti
|
0-0: Swinging Strike 0-1: Called Strike 0-2: Strikes out swinging
|
Batting: LHB Angel Sanchez
|
0-0: Ball 1-0: Called Strike 1-1: Ball 2-1: Swinging Strike 2-2: Strikes out looking
|
Bottom of the 2nd over - 0 runs, 1 hit, 0 errors, 1 left on base; Bowie 1 - Midland 1 |
TOP OF THE 3RD |
Bowie Baysox batting - Pitching for Midland RockHounds : LHP Michael Twigg
|
Batting: SHB Eric Tiehen
|
0-0: Ball 1-0: Ball 2-0: Foul Ball, location: 2F 2-1: Foul Ball, location: 2F 2-2: Ground out 4-3 (Groundball, 4, EV 82.5 MPH)
|
Batting: RHB Danny Merrill
|
0-0: Called Strike 0-1: Ball 1-1: Called Strike 1-2: Ball 2-2: Strikes out looking
|
Batting: RHB Orlando Melchor
|
0-0: Ball 1-0: Called Strike 1-1: Called Strike 1-2: Ball 2-2: Strikes out looking
|
Top of the 3rd over - 0 runs, 0 hits, 0 errors, 0 left on base; Bowie 1 - Midland 1 |
BOTTOM OF THE 3RD |
Midland RockHounds batting - Pitching for Bowie Baysox : RHP Gavin Nelson
|
Batting: RHB Matt Sherard
|
0-0: Ball 1-0: Foul Ball, location: 2F 1-1: Called Strike 1-2: Strikes out swinging
|
Batting: RHB Kevin Wiles
|
0-0: Ball 1-0: Foul Ball, location: 2F 1-1: Ball 2-1: Ball 3-1: Base on Balls
|
Batting: LHB John Shults
|
0-0: Ball 1-0: Ball 2-0: Foul Ball, location: 2F 2-1: Foul Ball, location: 2F 2-2: Grounds out, U3 (Groundball, 3L, EV 85.6 MPH)
|
Batting: LHB Chance Stever
|
0-0: Called Strike 0-1: Ball 1-1: Ball 2-1: Called Strike 2-2: Foul Ball, location: 2F 2-2: Strikes out looking
|
Bottom of the 3rd over - 0 runs, 0 hits, 0 errors, 1 left on base; Bowie 1 - Midland 1 |
TOP OF THE 4TH |
Bowie Baysox batting - Pitching for Midland RockHounds : LHP Michael Twigg
|
Batting: RHB Jeremy Giesler
|
0-0: SINGLE (Groundball, 6MD, EV 103.8 MPH)
|
Batting: RHB Rudo Garciaparra
|
0-0: Ball 1-0: Ball 2-0: Ball 3-0: Called Strike 3-1: Called Strike 3-2: Foul Ball, location: 2F 3-2: Strikes out swinging
|
Batting: RHB Dermott Neill
|
0-0: Called Strike Jeremy Giesler is caught stealing 2nd base 2-4 0-1: Ball 1-1: Foul Ball, location: 2F 1-2: Foul Ball, location: 2F 1-2: Ball 2-2: Foul Ball, location: 2F 2-2: SINGLE (Line Drive, 6MD, EV 96.9 MPH)
|
Batting: RHB Min-u Lee
|
0-0: Fly out, F8 (Flyball, 8RD, EV 87.5 MPH)
|
Top of the 4th over - 0 runs, 2 hits, 0 errors, 1 left on base; Bowie 1 - Midland 1 |
BOTTOM OF THE 4TH |
Midland RockHounds batting - Pitching for Bowie Baysox : RHP Gavin Nelson
|
Batting: RHB Trevor Conklin
|
0-0: Called Strike 0-1: Swinging Strike 0-2: Ball 1-2: Foul Ball, location: 2F 1-2: Foul Ball, location: 2F 1-2: Ball 2-2: Ground out 5-3 (Groundball, 5, EV 103.1 MPH)
|
Batting: RHB Edgar Landim
|
0-0: Ground out U3 (Groundball, 3, EV 105.0 MPH)
|
Batting: RHB Dave Vezina
|
0-0: Foul Ball, location: 2F 0-1: Foul Ball, location: 2F 0-2: Foul Ball, location: 2F 0-2: Strikes out swinging
|
Bottom of the 4th over - 0 runs, 0 hits, 0 errors, 0 left on base; Bowie 1 - Midland 1 |
TOP OF THE 5TH |
Bowie Baysox batting - Pitching for Midland RockHounds : LHP Michael Twigg
|
Batting: RHB Longfellow Wetzler
|
0-0: Ball 1-0: Ball 2-0: Swinging Strike 2-1: Ball 3-1: Swinging Strike 3-2: Ground out 5-3 (Groundball, 56S, EV 84.4 MPH)
|
Batting: RHB Vince Jackson
|
0-0: SINGLE (Flyball, 9LS, EV 89.4 MPH)
|
Batting: SHB Eric Tiehen
|
0-0: Called Strike 0-1: Ball 1-1: Foul Ball, location: 2F 1-2: Foul Ball, location: 2F 1-2: Ball Vince Jackson steals 2nd base 2-2: Ground out 4-3 (Groundball, 4, EV 87.5 MPH) Vince Jackson to third
|
Batting: RHB Danny Merrill
|
0-0: Ball 1-0: Called Strike 1-1: Foul Ball, location: 2F 1-2: Strikes out swinging
|
Top of the 5th over - 0 runs, 1 hit, 0 errors, 1 left on base; Bowie 1 - Midland 1 |
BOTTOM OF THE 5TH |
Midland RockHounds batting - Pitching for Bowie Baysox : RHP Gavin Nelson
|
Batting: RHB Justin Menotti
|
0-0: Ground out 6-3 (Groundball, 6M, EV 106.9 MPH)
|
Batting: LHB Angel Sanchez
|
0-0: Ball 1-0: Ball 2-0: Ball 3-0: Base on Balls
|
Batting: RHB Matt Sherard
|
0-0: Ball 1-0: Grounds into double play, 5-4-3 (Groundball, 56, EV 91.3 MPH)
|
Bottom of the 5th over - 0 runs, 0 hits, 0 errors, 0 left on base; Bowie 1 - Midland 1 |
TOP OF THE 6TH |
Bowie Baysox batting - Pitching for Midland RockHounds : LHP Michael Twigg
|
Batting: RHB Orlando Melchor
|
0-0: Fly out, F7 (Flyball, 7LD, EV 110.0 MPH)
|
Batting: RHB Jeremy Giesler
|
0-0: Ball 1-0: Ground out 6-3 (Groundball, 6, EV 83.1 MPH)
|
Batting: RHB Rudo Garciaparra
|
0-0: Foul Ball, location: 2F 0-1: Ball 1-1: Hit by Pitch
|
Batting: RHB Dermott Neill
|
0-0: Ball Rudo Garciaparra steals 2nd base 1-0: Foul Ball, location: 2F 1-1: Swinging Strike 1-2: Strikes out looking
|
Top of the 6th over - 0 runs, 0 hits, 0 errors, 1 left on base; Bowie 1 - Midland 1 |
BOTTOM OF THE 6TH |
Midland RockHounds batting - Pitching for Bowie Baysox : RHP Gavin Nelson
|
Batting: RHB Kevin Wiles
|
0-0: Ground out 4-3 (Groundball, 4, EV 94.4 MPH)
|
Batting: LHB John Shults
|
0-0: Called Strike 0-1: Foul Ball, location: 2F 0-2: Ball 1-2: Ball 2-2: Ball 3-2: Ground out 3-1 (Groundball, 34, EV 80.6 MPH)
|
Batting: LHB Chance Stever
|
0-0: Swinging Strike 0-1: Ball 1-1: Swinging Strike 1-2: Ball 2-2: Strikes out swinging
|
Bottom of the 6th over - 0 runs, 0 hits, 0 errors, 0 left on base; Bowie 1 - Midland 1 |
TOP OF THE 7TH |
Bowie Baysox batting - Pitching for Midland RockHounds : LHP Michael Twigg
|
Batting: RHB Min-u Lee
|
0-0: Ball 1-0: Ball 2-0: DOUBLE (Line Drive, 7LM, EV 103.8 MPH)
|
Batting: RHB Longfellow Wetzler
|
0-0: Intentional Walk
|
Pinch Runner at 2nd Chase Cassidy:
|
|
Batting: RHB Vince Jackson
|
0-0: Bunt missed! 0-1: Bunted foul 0-2: Strikes out swinging
|
Batting: SHB Eric Tiehen
|
0-0: Called Strike 0-1: Foul Ball, location: 2F 0-2: Foul Ball, location: 2F 0-2: Fly out, F7 (Line Drive, 7, EV 104.4 MPH)
|
Batting: RHB Danny Merrill
|
0-0: Called Strike 0-1: Swinging Strike 0-2: Ball 1-2: Strikes out swinging
|
Top of the 7th over - 0 runs, 1 hit, 0 errors, 2 left on base; Bowie 1 - Midland 1 |
BOTTOM OF THE 7TH |
Midland RockHounds batting - Pitching for Bowie Baysox : RHP Gavin Nelson
|
Batting: RHB Trevor Conklin
|
0-0: Called Strike 0-1: Ball 1-1: Ground out 1-3 (Groundball, 34S, EV 64.4 MPH)
|
Batting: RHB Edgar Landim
|
0-0: Ball 1-0: Foul Ball, location: 2F 1-1: Ball 2-1: Swinging Strike 2-2: Strikes out swinging
|
Batting: RHB Dave Vezina
|
0-0: Ball 1-0: Ball 2-0: Called Strike 2-1: Swinging Strike 2-2: Strikes out swinging
|
Bottom of the 7th over - 0 runs, 0 hits, 0 errors, 0 left on base; Bowie 1 - Midland 1 |
TOP OF THE 8TH |
Bowie Baysox batting - Pitching for Midland RockHounds : LHP Michael Twigg
|
Batting: RHB Orlando Melchor
|
0-0: Fly out, F8 (Flyball, 8RXD, EV 108.1 MPH)
|
Pitching: RHP Adrian Frazier
|
|
Batting: RHB Jeremy Giesler
|
0-0: Ball 1-0: Ground out U3 (Groundball, 3S, EV 76.9 MPH)
|
Batting: RHB Rudo Garciaparra
|
0-0: Swinging Strike 0-1: Ball 1-1: Called Strike 1-2: Strikes out looking
|
Top of the 8th over - 0 runs, 0 hits, 0 errors, 0 left on base; Bowie 1 - Midland 1 |
BOTTOM OF THE 8TH |
Midland RockHounds batting - Pitching for Bowie Baysox : RHP Gavin Nelson
|
Pitching: RHP Elliot Monroe
|
|
Pinch Hitting: SHB John Cummings
|
0-0: Ball 1-0: Called Strike 1-1: Swinging Strike 1-2: Foul Ball, location: 2F 1-2: Foul Ball, location: 2F 1-2: Ball 2-2: Ball 3-2: Foul Ball, location: 2F 3-2: Foul Ball, location: 2F 3-2: Foul Ball, location: 2F 3-2: Foul Ball, location: 2F 3-2: Base on Balls
|
Batting: LHB Angel Sanchez
|
0-0: Fielders Choice at 2nd, 3-6 (Groundball, 34, EV 76.9 MPH)
|
Batting: RHB Matt Sherard
|
0-0: Swinging Strike 0-1: Called Strike Angel Sanchez steals 2nd base (no throw) 0-2: Foul Ball, location: 2F 0-2: Ball 1-2: Foul Ball, location: 2F 1-2: Fly out, F8 (Flyball, 8LD, EV 109.4 MPH)
|
Batting: RHB Kevin Wiles
|
0-0: Ball 1-0: Fly out, F9 (Flyball, 9S, EV 73.1 MPH)
|
Bottom of the 8th over - 0 runs, 0 hits, 0 errors, 1 left on base; Bowie 1 - Midland 1 |
TOP OF THE 9TH |
Bowie Baysox batting - Pitching for Midland RockHounds : RHP Adrian Frazier
|
Pitching: LHP Jin-ho Koo
|
|
Now at SS: Mario Ramos
|
|
Batting: RHB Dermott Neill
|
0-0: Ball 1-0: TRIPLE (Groundball, 5L, EV 99.4 MPH)
|
Batting: RHB Chase Cassidy
|
0-0: SINGLE (Groundball, 56, EV 100.6 MPH) Dermott Neill scores
|
Batting: RHB Longfellow Wetzler
|
0-0: Ball 1-0: Sac Bunt to 23 - play at first, batter OUT! 3-4 Chase Cassidy to second
|
Batting: RHB Vince Jackson
|
0-0: Ball 1-0: Called Strike 1-1: Foul Ball, location: 2F 1-2: Ball 2-2: Strikes out looking
|
Batting: SHB Eric Tiehen
|
0-0: Foul Ball, location: 2F 0-1: Foul Ball, location: 2F 0-2: Ball 1-2: Ball 2-2: Fly out, F9 (Flyball, 89S, EV 89.4 MPH)
|
Top of the 9th over - 1 run, 2 hits, 0 errors, 1 left on base; Bowie 2 - Midland 1 |
BOTTOM OF THE 9TH |
Midland RockHounds batting - Pitching for Bowie Baysox : RHP Elliot Monroe
|
Pitching: RHP Alfredo Leiva
|
|
Now at 1B: Pat Shaddock
|
|
Batting: LHB John Shults
|
0-0: Ball 1-0: Called Strike 1-1: Ball 2-1: Ball 3-1: Called Strike 3-2: Base on Balls
|
Batting: LHB Chance Stever
|
0-0: Ball 1-0: Foul Ball, location: 2F 1-1: Fielders Choice at 2nd, 4-6 (Groundball, 4, EV 77.5 MPH)
|
Batting: RHB Trevor Conklin
|
0-0: Ball 1-0: Foul Ball, location: 2F 1-1: Called Strike 1-2: Strikes out swinging
|
Batting: RHB Edgar Landim
|
0-0: Foul Ball, location: 2F 0-1: Ball 1-1: Ball 2-1: Foul Ball, location: 2F 2-2: Ball 3-2: Strikes out looking
|
Bottom of the 9th over - 0 runs, 0 hits, 0 errors, 1 left on base; Bowie 2 - Midland 1 |
|